 Dungeon Sprint DCSS version 0.30-a0-122-g2a1322497e (webtiles) character file.

Game seed: 11202608182243912812

907 mhtbhm the Thaumaturge (level 7, -8/36 HPs)
             Began as a Deep Elf Earth Elementalist on Sept 15, 2022.
             Was a High Priest of Vehumet.
             Mangled by a sea snake (13 damage)
             ... in the Dungeon (Sprint VII: "The Pits").
             The game lasted 00:04:02 (1081 turns).

mhtbhm the Thaumaturge (DEEE)                       Turns: 1081, Time: 00:04:03

Health: -8/36      AC:  3    Str:  5    XL:     7   Next: 81%
Magic:  17/27      EV: 14    Int: 22    God:    Vehumet [*****.]
Gold:   0          SH:  0    Dex: 15    Spells: 15/35 levels left

rFire   . . .      SeeInvis .    k - +0 quarterstaff (protect)
rCold   . . .      Faith    .    (shield currently unavailable)
rNeg    . . .      Spirit   .    a - +0 robe
rPois   .          Reflect  .    (no helmet)
rElec   .          Harm     .    n - +0 cloak
rCorr   .          Rampage  .    (no gloves)
Will    .....      NoTele   +    (no boots)
Stlth   +++.......               (no amulet)
HPRegen 0.12/turn                (no ring)
MPRegen 0.20/turn                (no ring)

@: lethally poisoned (-8 -> -39)
A: no striking features
a: Renounce Religion


You were in the Dungeon.
You worshipped Vehumet.
Vehumet was extremely pleased with you.
You visited 1 branch

Inventory:

Hand Weapons
 k - a +0 quarterstaff of protection (weapon)
Missiles
 d - 4 poisoned darts
Armour
 a - a +0 robe (worn)
 n - a +0 cloak (worn)
Wands
 m - a wand of roots (8)
Scrolls
 i - 4 scrolls of amnesia
 j - a scroll of summoning
Potions
 b - 3 potions of magic
 c - 5 potions of curing
 e - a potion of haste
 f - 3 potions of berserk rage
 h - 2 potions of invisibility
 l - 3 potions of heal wounds


   Skills:
 + Level 5.1 Dodging
 + Level 4.5 Stealth
 + Level 14.8 Spellcasting
 + Level 4.3 Conjurations
 + Level 3.2 Transmutations
 + Level 2.3 Fire Magic
 + Level 11.9 Earth Magic


You had 15 spell levels left.
You knew the following spells:

 Your Spells              Type           Power      Damage    Failure   Level
a - Sandblast             Erth           100%       2d20      1%          1
b - Foxfire               Conj/Fire      100%       2x1d9     1%          1
c - Stone Arrow           Conj/Erth      100%       3d13      1%          3
d - Petrify               Tmut/Erth      49%        N/A       1%          4
e - Hailstorm             Conj/Ice       25%        3d7       4%          4
f - Spellforged Servitor  Conj/Summ      12%        N/A       95%         7

Your spell library contained the following spells:

 Spells                   Type           Power      Damage    Failure   Level
 Shock                    Conj/Air       100%       1d9       1%          1
 Passwall                 Tmut/Erth      40%        N/A       1%          2


Dungeon Overview and Level Annotations

Branches:
Dungeon (1/1)

Altars:
Ashenzari
Cheibriados
Dithmenos
Elyvilon
Fedhas
Gozag
Hepliaklqana
Kikubaaqudgha
Makhleb
Nemelex Xobeh
Okawaru
Qazlal
Ru
Sif Muna
Trog
Uskayaw
Vehumet
Wu Jian
Xom
Yredelemnul
Zin
The Shining One
Jiyva
Lugonu


Message History

Aiming: Stone Arrow (safe; 1% risk of failure)
Press: ? - help, Shift-Dir - straight line, f/p - sea snake
Aim: a sea snake (severely wounded, petrified, 100% to hit)
The stone arrow hits the sea snake!
The sea snake is almost dead.
Unknown command.
Unknown command.
Casting: Stone Arrow (safe; 1% risk of failure)
Confirm with . or Enter, or press ? or * to list all spells.
Aiming: Sandblast (safe; 1% risk of failure)
Press: ? - help, Shift-Dir - straight line, f/p - sea snake
Aim: a sea snake (almost dead, petrified, 100% to hit)
The blast of sand hits the sea snake!
The sea snake is almost dead.
Unknown command.
Unknown command.
Unknown command.
Magic courses through your body.
Casting: Sandblast (safe; 1% risk of failure)
Confirm with . or Enter, or press ? or * to list all spells.
Aiming: Sandblast (safe; 1% risk of failure)
Press: ? - help, Shift-Dir - straight line, f/p - sea snake
Aim: a sea snake (almost dead, petrified, 100% to hit)
The blast of sand hits the sea snake!
The sea snake is almost dead.
The sea snake is no longer petrified.
The sea snake bites you!
You are lethally poisoned!
The sea snake poisons you! The sea snake closely misses you.
Unknown command.
Unknown command.
Casting: Sandblast (safe; 1% risk of failure)
Confirm with . or Enter, or press ? or * to list all spells.
Aiming: Sandblast (safe; 1% risk of failure)
Press: ? - help, Shift-Dir - straight line, f/p - sea snake
Aim: a sea snake (almost dead, 76% to hit)
The blast of sand misses the sea snake.
* * * LOW HITPOINT WARNING * * *
You feel extremely sick. The sea snake bites you!
You die...

#.#))#####÷#####'#####++
#.#))#.....##.......#
#.#))#.)...##.......#
#.#[[###)####.......#
#.##'#.....##...<...#
#.#........##.......#
#.#........##.......#
#'###########.......#
#..#.#.##.@##########
#.†.....#S## ##.#)#.##g#
#.......#g#
##.#.#.##.'...g+
#.......#'#g...#
##.#.#..).#....#
########## ####


You could see a sea snake and 2 gnolls.

Vanquished Creatures
  A bog body (D)
  2 ice beasts (D)
  A kobold brigand (D)
  A jelly (D)
  Crazy Yiuf (D)
  An orc priest (D)
  An orc wizard (D)
  A gnoll (D)
  A river rat (D)
  A white imp (D)
  An orc (D)
  A bat zombie (D)
  2 endoplasms (D)
  A giant cockroach (D)
  A hobgoblin (D)
  A quokka (D)
  A frilled lizard (D)
  A goblin (D)
  A kobold (D)
  A rat (D)
22 creatures vanquished.

Vanquished Creatures (others)
  13 foxfires (D)
13 creatures vanquished.

Grand Total: 35 creatures vanquished

Notes
Turn   | Place    | Note
-------+----------+-------------------------------------------
     0 | D        | mhtbhm the Deep Elf Earth Elementalist began the quest for
                  | the Orb.
     0 | D        | Reached XP level 1. HP: 10/10 MP: 6/6
    37 | D        | Found a bloodstained altar of Trog.
    37 | D        | Found a shimmering blue altar of Sif Muna.
    37 | D        | Found a viscous altar of Jiyva.
    37 | D        | Found a hazy altar of Hepliaklqana.
    37 | D        | Found an opulent altar of Gozag.
    38 | D        | Found a glowing golden altar of the Shining One.
    38 | D        | Found a glowing silver altar of Zin.
    38 | D        | Found a basalt altar of Yredelemnul.
    38 | D        | Found a shimmering altar of Xom.
    38 | D        | Found an ornate altar of the Wu Jian Council.
    38 | D        | Found a sacrificial altar of Ru.
    38 | D        | Found a stormy altar of Qazlal.
    38 | D        | Found an iron altar of Okawaru.
    38 | D        | Found a sparkling altar of Nemelex Xobeh.
    38 | D        | Found a burning altar of Makhleb.
    38 | D        | Found a blossoming altar of Fedhas.
    38 | D        | Found a white marble altar of Elyvilon.
    38 | D        | Found a shadowy altar of Dithmenos.
    38 | D        | Found a snail-covered altar of Cheibriados.
    40 | D        | Found a radiant altar of Vehumet.
    40 | D        | Found a corrupted altar of Lugonu.
    41 | D        | Found a hide-covered altar of Uskayaw.
    41 | D        | Found an ancient bone altar of Kikubaaqudgha.
    41 | D        | Found a broken altar of Ashenzari.
    50 | D        | Became a worshipper of Vehumet
   100 | D        | Reached skill level 4 in Spellcasting
   112 | D        | Reached * piety under Vehumet
   112 | D        | Offered knowledge of Shock by Vehumet.
   132 | D        | Learned a level 1 spell: Shock
   178 | D        | Offered knowledge of Foxfire by Vehumet.
   178 | D        | Reached ** piety under Vehumet
   182 | D        | Learned a level 1 spell: Foxfire
   238 | D        | Noticed a kobold brigand
   241 | D        | Reached skill level 5 in Earth Magic
   241 | D        | Reached XP level 2. HP: 15/15 MP: 3/9
   247 | D        | Killed a kobold brigand
   248 | D        | Reached skill level 7 in Spellcasting
   248 | D        | Reached XP level 3. HP: 7/19 MP: 8/13
   248 | D        | Reached XP level 4. HP: 9/24 MP: 9/15
   432 | D        | Learned a level 3 spell: Stone Arrow
   437 | D        | Learned a level 4 spell: Petrify
   487 | D        | Noticed Crazy Yiuf
   497 | D        | Killed Crazy Yiuf
   497 | D        | Offered knowledge of Static Discharge by Vehumet.
   498 | D        | Reached skill level 8 in Spellcasting
   642 | D        | Noticed an ice beast
   653 | D        | Reached *** piety under Vehumet
   662 | D        | Offered knowledge of Hailstorm by Vehumet.
   713 | D        | Killed an ice beast
   714 | D        | Reached skill level 10 in Spellcasting
   714 | D        | Reached skill level 1 in Conjurations
   714 | D        | Reached XP level 5. HP: 28/28 MP: 4/19
   810 | D        | Learned a level 4 spell: Hailstorm
   821 | D        | Reached skill level 1 in Fire Magic
   861 | D        | Reached **** piety under Vehumet
   861 | D        | Offered knowledge of Iskenderun's Battlesphere by Vehumet.
   862 | D        | Reached XP level 6. HP: 32/32 MP: 17/21
   887 | D        | Noticed a bog body
   898 | D        | Killed a bog body
   899 | D        | Reached skill level 5 in Dodging
   899 | D        | Reached skill level 14 in Spellcasting
   899 | D        | Reached XP level 7. HP: 36/36 MP: 11/26
   986 | D        | Reached ***** piety under Vehumet
   987 | D        | Offered knowledge of Spellforged Servitor by Vehumet.
  1058 | D        | Learned a level 7 spell: Spellforged Servitor
  1062 | D        | Noticed a sea snake
  1081 | D        | Mangled by a sea snake

Illustrated notes

Levels and vault maps discovered:
D:        pitsprint [storerooms_1, entrance_room_1, metal_vault_1, armoury_1,
          mini_pit_1, grid_room_1, main_hall_1, silver_pit, the_coven_2,
          the_vestibule_1, steel_vault_3, golden_pit, hallway_of_sentries,
          crystal_vault_2, iron_vault_1, final_vault]

Skill      XL: |  1  2  3  4  5  6  7 |
---------------+----------------------+-----
Stealth        | 3 4 |  4.5
Spellcasting   | 4 7 10 14 | 14.8
Earth Magic    | 5 7 8 9 11 | 11.9
Dodging        | 3 4 5 |  5.1
Conjurations   | 1 4 |  4.3
Transmutations | 2 3 |  3.2
Fire Magic     | 1 2 |  2.3

Action                   |  1- 3 |  4- 6 |  7- 9 || total
-------------------------+-------+-------+-------++-------
 Cast: Sandblast         |    16 |     6 |     3 ||    25
       Foxfire           |     5 |     6 |       ||    11
       Stone Arrow       |       |     9 |    12 ||    21
       Petrify           |       |     1 |     1 ||     2
       Hailstorm         |       |       |     1 ||     1
  Use: Scroll            |     1 |     1 |       ||     2
       Potion            |     2 |       |     4 ||     6
Armor: Robe              |       |     1 |       ||     1
Dodge: Dodged            |     5 |     3 |     4 ||    12

Table legend: (Time is in decaauts)
 A = Elapsed time spent in this place.
 B = Non-inter-level travel time spent in this place.
 C = Inter-level travel time spent in this place.
 D = Time resting spent in this place.
 E = Time spent auto-exploring this place.
 F = Levels seen in this place.
 G = Mean time per level.
                   A        B        C        D        E       F      G
               +--------+--------+--------+--------+--------+-----+--------+
         Total |   1092 |   1092 |      0 |    760 |     40 |   1 | 1092.0 |
       Dungeon |   1092 |   1092 |      0 |    760 |     40 |   1 | 1092.0 |
               +--------+--------+--------+--------+--------+-----+--------+

Top non-repeatable levels by time:
       D: 1092 daAuts
